 Dungeon Crawl Stone Soup version 0.31-a0-164-g2312942fda (webtiles) character file.

Game seed: 7110926329829492152

12425 qw the Cleaver (level 11, 0/72 HPs)
             Began as a Gargoyle Fighter on June 13, 2023.
             Was an Elder of Okawaru.
             Slain by an elephant (7 damage)
             ... on level 3 of the Lair of Beasts.
             The game lasted 00:05:32 (11457 turns).

qw the Cleaver (Gargoyle Fighter)                  Turns: 11457, Time: 00:05:32

Health: 0/72       AC: 23    Str: 24    XL:     11   Next: 93%
Magic:  13/16      EV: 10    Int:  9    God:    Okawaru [****..]
Gold:   221        SH:  6    Dex:  9    Spells: 10/10 levels left

rFire   . . .        Y - +5 war axe
rCold   . . .        c - +0 buckler
rNeg    + . .        k - +0 chain mail
rPois   inf          o - +0 helmet
rElec   +            (no cloak)
rCorr   .            (no gloves)
SInv    +            u - +0 pair of boots
Will    +....        (no amulet) Stlth
                     g - ring of willpower
HPRegen 0.32/turn    n - ring of see invisible
MPRegen 0.15/turn

%: no passive effects
@: about to teleport, heroic
A: sickness immunity, AC +8, negative energy resistance 1, electricity
resistance, torment resistance 1, petrification resistance
a: Renounce Religion, Heroism, Finesse


You were on level 3 of the Lair of Beasts.
You worshipped Okawaru.
Okawaru was greatly pleased with you.
You visited 3 branches of the dungeon, and saw 13 of its levels.

You collected 585 gold pieces.
You spent 364 gold pieces at shops.


Innate Abilities, Weirdness & Mutations

You are immune to sickness and miasma.
Your stone body is resilient. (AC +8)
You are immune to poison.
You resist negative energy. (rN+)
You are resistant to electric shocks. (rElec)
You are resistant to unholy torment.
You are immune to petrification.


   Skills:
 - Level 10.0(15.0) Fighting
 + Level 12.5(17.5) Axes
 - Level 3.5(8.5) Throwing
 - Level 7.0(12.0) Armour
 - Level 2.2(7.2) Dodging
 - Level 6.0(11.0) Shields
 + Level 6.7 Invocations


You had 10 spell levels left.
You didn't know any spells.
Your spell library was empty.

Inventory:

Hand Weapons
 m - a +0 flail
 Y - a +5 war axe (weapon)
Missiles
 j - 4 javelins
 s - 4 boomerangs (quivered)
Armour
 c - a +0 buckler (worn)
 k - a +0 chain mail (worn)
 o - a +0 helmet (worn)
 t - a +2 robe of resistance
 u - a +0 pair of boots (worn)
Jewellery
 g - a ring of willpower (left hand)
 l - a ring of fire
 n - a ring of see invisible (right hand)
 v - a ring of positive energy
Wands
 r - a wand of digging (7)
Scrolls
 a - 9 scrolls of identify
 p - 2 scrolls of teleportation
Potions
 b - a potion of curing
 d - 4 potions of might
 e - a potion of mutation
 f - 3 potions of haste
 h - 5 potions of lignification
 i - a potion of cancellation
 q - a potion of magic
 z - a potion of attraction

Dungeon Overview and Level Annotations

Branches:
Dungeon (9/15)             Temple (1/1) D:6            Lair (2/5) D:9
  Swamp: Lair:2-3    Shoals: Lair:2-3     Snake: Lair:2-3    Spider: Lair:2-3
    Orc: D:9-12

Altars:
Ashenzari
Cheibriados
Dithmenos
Elyvilon
Fedhas
Gozag
Hepliaklqana
Kikubaaqudgha
Makhleb
Nemelex Xobeh
Okawaru
Sif Muna
Trog
Uskayaw
Vehumet
Wu Jian
Xom
Yredelemnul
Zin

Shops:
D:4 (   D:7 *   D:8 *([[

Annotations:
D:8 2 runed translucent doors


Message History

The elephant closely misses you.
The elephant trunk-slaps you but does no damage.
You slice the elephant!!
You kill the elephant!
Okawaru is honoured by your kill.
You slash the elephant!
You hit the elephant. x2; You slash the elephant!
You hit the elephant but do no damage. You slash the elephant!
The elephant is heavily wounded.
You hit the elephant but do no damage. x2; You hit the elephant.
You slash the elephant! The elephant completely misses you.
The elephant trunk-slaps you but does no damage.
The elephant tramples you but does no damage.
The elephant trunk-slaps you but does no damage.
The elephant tramples you!
You hold your ground!
The elephant trunk-slaps you but does no damage.
The elephant misses you. You block the elephant's attack. x2
The elephant trunk-slaps you but does no damage.
You slice the elephant!!
The elephant is almost dead.
You hit the elephant. You slash the elephant!
You hit the elephant but do no damage. You barely miss the elephant.
The elephant tramples you.
You hold your ground!
The elephant trunk-slaps you. The elephant barely misses you.
You block the elephant's attack. The elephant tramples you.
You hold your ground!
The elephant misses you.
The elephant tramples you but does no damage.
The elephant trunk-slaps you but does no damage.
The elephant tramples you but does no damage.
You block the elephant's attack.
11457 ||| READING 3 scrolls of teleportation.
As you read the scroll of teleportation, it crumbles to dust.
You feel strangely unstable.
The elephant tramples you but does no damage.
You block the elephant's attack. The elephant tramples you!
You hold your ground!
The elephant closely misses you.
The elephant tramples you but does no damage.
The elephant trunk-slaps you but does no damage.
The elephant tramples you!
You die...

.............
##............
##...........[.
#P.............
...............
P..............
........Y......
#...Y@Y......
#...YY.......
#.............
#...........#.
####.....P.#..
######### #


You could see 5 elephants.

Vanquished Creatures
  Erica (D:8)
  A two-headed ogre (D:9)
  An elephant (Lair:3)
  A rime drake (Lair:1)
  3 cane toads
  2 komodo dragons
  2 hornets
  3 blink frogs (Lair:1)
  A vampire (D:7)
  6 yaks (Lair:1)
  4 wyverns
  3 slime creatures (D:9)
  Eustachio (D:6)
  2 basilisks (D:9)
  A steam dragon (D:9)
  Menkaure (D:6)
  5 water moccasins
  2 orc warriors
  6 black bears
  11 wolves
  An ice beast (D:7)
  An ogre (D:3)
  A centaur (D:5)
  A phantom (D:7)
  7 bullfrogs
  2 kobold brigands
  A scorpion (D:3)
  10 wights
  14 killer bees
  5 howler monkeys
  A crimson imp (D:8)
  2 hounds
  A jelly (D:5)
  4 orc priests
  A gnoll bouda (D:8)
  2 sleepcaps (D:6)
  5 iguanas
  11 orc wizards
  5 hell rats (Lair:1)
  17 gnolls
  9 adders
  A shadow imp (D:6)
  2 white imps
  An ufetubus (D:5)
  6 dart slugs
  23 orcs
  4 ball pythons
  6 endoplasms
  3 giant cockroaches
  4 goblins
  11 hobgoblins
  2 jackals (D:3)
  3 quokkas
  12 bats
  4 frilled lizards
  16 kobolds
  20 rats (D:3)
276 creatures vanquished.

Notes
Turn   | Place    | Note
-------+----------+-------------------------------------------
     0 | D:1      | qw the Gargoyle Fighter began the quest for the Orb.
     0 | D:1      | Reached XP level 1. HP: 14/14 MP: 1/1
     0 | D:1      | 0 ||| qw: Version: 0.2-a-29-gc1b59c4
     0 | D:1      | 0 ||| qw: Game counter: 4624
     0 | D:1      | 0 ||| qw: Always use a shield: true
     0 | D:1      | 0 ||| qw: God list: Okawaru
     0 | D:1      | 0 ||| qw: Allow faded altars: false
     0 | D:1      | 0 ||| qw: Do Orc after D:15 true
     0 | D:1      | 0 ||| qw: Do second Lair branch before Depths: true
     0 | D:1      | 0 ||| qw: Lair rune preference: random
     0 | D:1      | 0 ||| qw: Plans: Normal, Zot:1-4, Slime:5, God:TSO, Crypt,
                  | Tomb, Abyss, Pan, Hells, Win
     0 | D:1      | 0 ||| PLANNING D:1-11
    27 | D:1      | 27 ||| Stepping ~*~*~tactically~*~*~ (hiding).
    38 | D:1      | Reached skill level 2 in Axes
   417 | D:1      | 417 ||| Stepping ~*~*~tactically~*~*~ (hiding).
   421 | D:1      | Reached XP level 2. HP: 17/19 MP: 2/2
   625 | D:1      | 625 ||| UPGRADING to ring of willpower.
   626 | D:1      | 626 ||| READING 2 scrolls labelled EGOOZX FEKA.
   627 | D:1      | 627 ||| READING scroll labelled KAWNAMAEPSU.
  1056 | D:2      | Reached skill level 3 in Axes
  1148 | D:2      | Reached XP level 3. HP: 23/23 MP: 3/3
  1423 | D:2      | 1423 ||| Stepping ~*~*~tactically~*~*~ (hiding).
  1624 | D:2      | 1624 ||| Stepping ~*~*~tactically~*~*~ (hiding).
  1770 | D:2      | 1770 ||| READING scroll labelled BUD NUNOAKKAPH.
  1771 | D:2      | 1771 ||| READING 3 scrolls of identify.
  1771 | D:2      | 1771 ||| IDENTIFYING smoky yellow potion
  1772 | D:2      | 1772 ||| READING 2 scrolls of identify.
  1772 | D:2      | 1772 ||| IDENTIFYING fizzy coppery potion
  1773 | D:2      | 1773 ||| DRINKING potion of experience.
  1773 | D:2      | Reached skill level 10 in Axes
  1773 | D:2      | Reached XP level 4. HP: 28/28 MP: 4/4
  1820 | D:3      | Reached XP level 5. HP: 32/32 MP: 5/5
  1943 | D:3      | 1943 ||| Stepping ~*~*~tactically~*~*~ (hiding).
  1963 | D:3      | HP: 8/33 [orc priest/divine providence (15)]
  1965 | D:3      | HP: 2/33 [orc priest/+0 hand axe (6)]
  1970 | D:3      | 1970 ||| Stepping ~*~*~tactically~*~*~ (stealth).
  1981 | D:3      | HP: 1/33 [frozen (5)]
  2110 | D:3      | 2110 ||| DROPPING +0 mace.
  2240 | D:3      | 2240 ||| Stepping ~*~*~tactically~*~*~ (stealth).
  2741 | D:3      | Found a bloodstained altar of Trog.
  2744 | D:3      | 2744 ||| DROPPING +2 leather armour of poison resistance.
  2745 | D:3      | 2745 ||| READING 2 scrolls labelled GEAS FUVOAPRI.
  2749 | D:3      | 2749 ||| READING scroll labelled VATEUK OHILEFF.
  2750 | D:3      | 2750 ||| READING 2 scrolls labelled HEEXYM WUNUNE.
  2751 | D:3      | 2751 ||| READING scroll labelled KEHIJI WYAFA.
  2752 | D:3      | 2752 ||| READING 3 scrolls of identify.
  2752 | D:3      | 2752 ||| IDENTIFYING amethyst potion
  2753 | D:3      | 2753 ||| READING 2 scrolls of identify.
  2753 | D:3      | 2753 ||| IDENTIFYING fizzy puce potion
  2754 | D:3      | 2754 ||| DROPPING scroll of noise.
  2802 | D:4      | Reached XP level 6. HP: 38/38 MP: 6/6
  2828 | D:4      | 2828 ||| FLEEEEING.
  2832 | D:4      | 2832 ||| FLEEEEING.
  2833 | D:4      | 2833 ||| FLEEEEING.
  2834 | D:4      | 2834 ||| FLEEEEING.
  2835 | D:4      | 2835 ||| FLEEEEING.
  2836 | D:4      | 2836 ||| FLEEEEING.
  2837 | D:4      | 2837 ||| FLEEEEING.
  2839 | D:4      | 2839 ||| FLEEEEING.
  2840 | D:4      | 2840 ||| FLEEEEING.
  2841 | D:4      | 2841 ||| FLEEEEING.
  2842 | D:4      | 2842 ||| FLEEEEING.
  2843 | D:4      | 2843 ||| FLEEEEING.
  2844 | D:4      | 2844 ||| FLEEEEING.
  2847 | D:4      | 2847 ||| STAIRDANCE
  2849 | D:3      | 2849 ||| READING scroll labelled HUTHRE QOOCO.
  2952 | D:4      | 2952 ||| STAIRDANCE
  2957 | D:3      | Reached skill level 1 in Dodging
  2959 | D:4      | 2959 ||| STAIRDANCE
  2963 | D:4      | 2963 ||| STAIRDANCE
  2967 | D:4      | 2967 ||| STAIRDANCE
  2971 | D:4      | 2971 ||| STAIRDANCE
  2975 | D:4      | 2975 ||| STAIRDANCE
  2979 | D:4      | 2979 ||| STAIRDANCE
  2983 | D:4      | 2983 ||| STAIRDANCE
  2987 | D:4      | 2987 ||| STAIRDANCE
  2991 | D:4      | 2991 ||| STAIRDANCE
  2995 | D:4      | 2995 ||| STAIRDANCE
  2999 | D:4      | 2999 ||| STAIRDANCE
  3011 | D:4      | 3011 ||| STAIRDANCE
  3015 | D:4      | 3015 ||| STAIRDANCE
  3019 | D:4      | 3019 ||| STAIRDANCE
  3023 | D:4      | 3023 ||| STAIRDANCE
  3027 | D:4      | 3027 ||| STAIRDANCE
  3031 | D:4      | 3031 ||| STAIRDANCE
  3035 | D:4      | 3035 ||| STAIRDANCE
  3158 | D:4      | HP: 9/39 [gnoll/+0 halberd (4)]
  3159 | D:4      | 3159 ||| READING scroll of teleportation.
  3324 | D:4      | 3324 ||| Stepping ~*~*~tactically~*~*~ (hiding).
  3325 | D:4      | 3325 ||| Stepping ~*~*~tactically~*~*~ (hiding).
  3327 | D:4      | 3327 ||| Stepping ~*~*~tactically~*~*~ (hiding).
  3333 | D:4      | Reached XP level 7. HP: 41/44 MP: 7/7
  3411 | D:4      | 3411 ||| Stepping ~*~*~tactically~*~*~ (stealth).
  3412 | D:4      | 3412 ||| Stepping ~*~*~tactically~*~*~ (stealth).
  3433 | D:4      | HP: 9/44 [orc priest/+0 falchion (5)]
  3461 | D:4      | 3461 ||| FLEEEEING.
  3569 | D:4      | 3569 ||| Stepping ~*~*~tactically~*~*~ (hiding).
  3570 | D:4      | 3570 ||| Stepping ~*~*~tactically~*~*~ (hiding).
  3652 | D:4      | Found Wucanok's Weapon Emporium.
  3676 | D:4      | 3676 ||| DROPPING scarf of shadows.
  3677 | D:4      | 3677 ||| UPGRADING to ring of see invisible.
  3678 | D:4      | 3678 ||| READING scroll labelled ETZOSE UTAQE.
  3861 | D:4      | 3861 ||| UPGRADING to +0 chain mail.
  3871 | D:4      | 3871 ||| DROPPING +0 scale mail.
  3872 | D:4      | 3872 ||| DRINKING 2 lumpy inky potions.
  3929 | D:5      | Entered Level 5 of the Dungeon
  4124 | D:5      | Identified the +1 quarterstaff of Dotef {freeze, rC+}
  4203 | D:5      | 4203 ||| Stepping ~*~*~tactically~*~*~ (hiding).
  4247 | D:5      | Found a burning altar of Makhleb.
  4298 | D:5      | 4298 ||| Stepping ~*~*~tactically~*~*~ (hiding).
  4507 | D:5      | 4507 ||| Stepping ~*~*~tactically~*~*~ (stealth).
  4509 | D:5      | 4509 ||| Stepping ~*~*~tactically~*~*~ (hiding).
  4523 | D:5      | Reached skill level 6 in Fighting
  4613 | D:5      | Found an ancient bone altar of Kikubaaqudgha.
  4674 | D:5      | Found the +5 Lochaber axe {reach-cleave, Poleaxe Drain}
  4936 | D:5      | Reached XP level 8. HP: 51/51 MP: 8/8
  5094 | D:5      | 5094 ||| READING scroll labelled LOUMNO SUISE.
  5095 | D:5      | 5095 ||| READING scroll labelled FOENKO TUWUWN.
  5096 | D:5      | 5096 ||| READING scroll labelled COPTOO JUXUEPN.
  5199 | D:6      | 5199 ||| Stepping ~*~*~tactically~*~*~ (hiding).
  5363 | D:6      | 5363 ||| SWAPPING to +3 war axe.
  5364 | D:6      | 5364 ||| DROPPING +1 war axe.
  5443 | D:6      | Found an opulent altar of Gozag.
  5449 | D:6      | Noticed Menkaure
  5452 | D:6      | Killed Menkaure
  5455 | D:6      | 5455 ||| Stepping ~*~*~tactically~*~*~ (hiding).
  5471 | D:6      | 5471 ||| Stepping ~*~*~tactically~*~*~ (stealth).
  5479 | D:6      | 5479 ||| Stepping ~*~*~tactically~*~*~ (stealth).
  5531 | D:6      | Reached skill level 1 in Throwing
  5611 | D:6      | Found a shadowy altar of Dithmenos.
  5657 | D:6      | Found a staircase to the Ecumenical Temple.
  5658 | D:6      | 5658 ||| PLANNING TEMPLE
  5658 | D:6      | 5658 ||| UPGRADING to +0 helmet.
  5663 | D:6      | 5663 ||| READING 4 scrolls of identify.
  5663 | D:6      | 5663 ||| IDENTIFYING cyan potion
  5664 | D:6      | 5664 ||| READING 3 scrolls of identify.
  5664 | D:6      | 5664 ||| IDENTIFYING inky potion
  5665 | D:6      | 5665 ||| READING 2 scrolls of identify.
  5665 | D:6      | 5665 ||| IDENTIFYING golden potion
  5666 | D:6      | 5666 ||| DROPPING potion of brilliance.
  5676 | Temple   | Entered the Ecumenical Temple
  5714 | Temple   | 5714 ||| PLANNING OKAWARU WORSHIP
  5902 | Temple   | Became a worshipper of Warmaster Okawaru
  5902 | Temple   | 5902 ||| PLANNING D:1-11
  6141 | D:6      | Noticed Eustachio
  6160 | D:6      | Reached XP level 9. HP: 46/57 MP: 9/9
  6177 | D:6      | Killed Eustachio
  6389 | D:6      | 6389 ||| READING 2 scrolls of identify.
  6389 | D:6      | 6389 ||| IDENTIFYING smoky dark potion
  6390 | D:6      | 6390 ||| DROPPING potion of degeneration.
  6426 | D:7      | 6426 ||| Stepping ~*~*~tactically~*~*~ (stealth).
  6641 | D:7      | 6641 ||| DROPPING +1 mace of protection.
  6841 | D:7      | Reached * piety under Okawaru
  6878 | D:7      | Found Xyloem's Gadget Gallery.
  6891 | D:7      | 6891 ||| BUYING wand of digging (7) (294 gold).
  6891 | D:7      | Bought a wand of digging (7) for 294 gold pieces
  6902 | D:7      | 6902 ||| Stepping ~*~*~tactically~*~*~ (stealth).
  7233 | D:7      | 7233 ||| UPGRADING to +0 pair of boots.
  7306 | D:8      | Found Nywarch's Antique Weapon Emporium.
  7351 | D:8      | Found Feopt's General Store.
  7434 | D:8      | 7434 ||| BUYING scroll of identify (28 gold).
  7434 | D:8      | Bought a scroll of identify for 28 gold pieces
  7434 | D:8      | 7434 ||| BUYING scroll of teleportation (42 gold).
  7434 | D:8      | Bought a scroll of teleportation for 42 gold pieces
  7513 | D:8      | 7513 ||| INVOKING Heroism.
  7521 | D:8      | Reached skill level 1 in Invocations
  7644 | D:8      | Noticed Erica
  7645 | D:8      | 7645 ||| Stepping ~*~*~tactically~*~*~ (hiding).
  7647 | D:8      | 7647 ||| INVOKING Heroism.
  7658 | D:8      | Killed Erica
  7658 | D:8      | Reached ** piety under Okawaru
  7659 | D:8      | Reached skill level 3 in Throwing
  7659 | D:8      | Reached skill level 3 in Invocations
  7770 | D:8      | 7770 ||| Stepping ~*~*~tactically~*~*~ (stealth).
  7772 | D:8      | 7772 ||| Stepping ~*~*~tactically~*~*~ (hiding).
  7788 | D:8      | Found a runed translucent door.
  7794 | D:8      | Found a runed translucent door.
  7816 | D:8      | 7816 ||| FLEEEEING.
  7817 | D:8      | 7817 ||| FLEEEEING.
  7820 | D:8      | 7820 ||| FLEEEEING.
  7822 | D:8      | 7822 ||| Stepping ~*~*~tactically~*~*~ (hiding).
  7824 | D:8      | 7824 ||| INVOKING Heroism.
  7893 | D:8      | 7893 ||| INVOKING Heroism.
  7968 | D:8      | Found Zoyn Juz's Antique Armour Boutique.
  7996 | D:8      | 7996 ||| INVOKING Heroism.
  7998 | D:8      | 7998 ||| Stepping ~*~*~tactically~*~*~ (stealth).
  8007 | D:8      | Reached XP level 10. HP: 60/64 MP: 10/12
  8046 | D:8      | Found Vonwat's Antique Armour Boutique.
  8050 | D:8      | 8050 ||| SHOPLISTING plate armour (506 gold, have 84).
  8050 | D:8      | 8050 ||| SHOPLISTING slimy helmet (209 gold, have 84).
  8066 | D:8      | Found a basalt altar of Yredelemnul.
  8072 | D:8      | Identified the +7 hand axe of Etwomit {chaos, *Noise rPois
                  | Str+3 Int+3}
  8350 | D:8      | 8350 ||| SHOPLISTING plate armour (851 gold, have 99).
  8350 | D:8      | 8350 ||| SHOPLISTING runed scale mail (259 gold, have 99).
  8350 | D:8      | 8350 ||| SHOPLISTING shimmering scale mail (333 gold, have
                  | 99).
  8373 | D:8      | 8373 ||| INVOKING Heroism.
  8506 | D:8      | Found a white marble altar of Elyvilon.
  8558 | D:8      | 8558 ||| Stepping ~*~*~tactically~*~*~ (hiding).
  8562 | D:8      | 8562 ||| Stepping ~*~*~tactically~*~*~ (hiding).
  8704 | D:8      | 8704 ||| READING scroll labelled BINO INODEPN.
  8748 | D:8      | 8748 ||| DRINKING 2 red potions.
  8749 | D:8      | 8749 ||| READING 5 scrolls of identify.
  8749 | D:8      | 8749 ||| IDENTIFYING smoky coppery potion
  8750 | D:8      | 8750 ||| DROPPING potion of invisibility.
  8875 | D:9      | 8875 ||| Stepping ~*~*~tactically~*~*~ (hiding).
  8897 | D:9      | Reached skill level 11 in Axes
  8898 | D:9      | 8898 ||| INVOKING Heroism.
  8905 | D:9      | Reached skill level 6 in Armour
  8935 | D:9      | 8935 ||| INVOKING Heroism.
  8946 | D:9      | Reached skill level 9 in Fighting
  8953 | D:9      | HP: 14/66 [orc priest/divine providence (13)]
  8954 | D:9      | 8954 ||| READING 3 scrolls of teleportation.
  8955 | D:9      | 8955 ||| DRINKING potion of heal wounds.
  8957 | D:9      | Reached *** piety under Okawaru
  8960 | D:9      | 8960 ||| INVOKING Heroism.
  8960 | D:9      | Found a staircase to the Lair.
  8986 | D:9      | 8986 ||| INVOKING Heroism.
  8997 | D:9      | 8997 ||| FLEEEEING.
  8999 | D:9      | 8999 ||| Stepping ~*~*~tactically~*~*~ (cloud).
  9005 | D:9      | HP: 12/66 [steam dragon/ball of steam (12)]
  9006 | D:9      | 9006 ||| READING 2 scrolls of teleportation.
  9013 | D:9      | Noticed a two-headed ogre
  9014 | D:9      | 9014 ||| INVOKING Heroism.
  9017 | D:9      | 9017 ||| READING scroll of teleportation.
  9233 | D:9      | Reached XP level 11. HP: 55/71 MP: 14/14
  9284 | D:9      | 9284 ||| Stepping ~*~*~tactically~*~*~ (stealth).
  9285 | D:9      | 9285 ||| Stepping ~*~*~tactically~*~*~ (stealth).
  9290 | D:9      | 9290 ||| INVOKING Heroism.
  9294 | D:9      | 9294 ||| FLEEEEING.
  9302 | D:9      | HP: 16/71 [wyvern (11)]
  9485 | D:9      | Reached skill level 12 in Axes
  9524 | D:9      | 9524 ||| INVOKING Heroism.
  9532 | D:9      | Killed a two-headed ogre
  9583 | D:9      | 9583 ||| Stepping ~*~*~tactically~*~*~ (hiding).
  9584 | D:9      | 9584 ||| Stepping ~*~*~tactically~*~*~ (hiding).
  9594 | D:9      | Reached skill level 6 in Shields
  9595 | D:9      | 9595 ||| INVOKING Heroism.
  9603 | D:9      | 9603 ||| Stepping ~*~*~tactically~*~*~ (water).
  9663 | D:9      | Found a sparkling altar of Nemelex Xobeh.
  9665 | D:9      | Found a broken altar of Ashenzari.
  9832 | D:9      | 9832 ||| PLANNING LAIR
  9865 | Lair:1   | Entered Level 1 of the Lair of Beasts
  9903 | Lair:1   | 9903 ||| Stepping ~*~*~tactically~*~*~ (stealth).
  9905 | Lair:1   | 9905 ||| Stepping ~*~*~tactically~*~*~ (stealth).
  9907 | Lair:1   | 9907 ||| Stepping ~*~*~tactically~*~*~ (stealth).
  9921 | Lair:1   | Reached **** piety under Okawaru
  9925 | Lair:1   | 9925 ||| INVOKING Heroism.
 10054 | Lair:1   | 10054 ||| Stepping ~*~*~tactically~*~*~ (stealth).
 10055 | Lair:1   | 10055 ||| Stepping ~*~*~tactically~*~*~ (stealth).
 10267 | Lair:1   | 10267 ||| INVOKING Heroism.
 10379 | Lair:1   | 10379 ||| READING scroll of enchant weapon.
 10379 | Lair:1   | 10379 ||| ENCHANTING +3 war axe.
 10387 | Lair:1   | Found a broken altar of Ashenzari.
 10432 | Lair:1   | 10432 ||| DROPPING +1 war axe of venom.
 10534 | Lair:1   | 10534 ||| INVOKING Heroism.
 10609 | Lair:1   | 10609 ||| INVOKING Heroism.
 10810 | Lair:1   | 10810 ||| READING scroll of enchant weapon.
 10810 | Lair:1   | 10810 ||| ENCHANTING +4 war axe.
 10844 | Lair:1   | 10844 ||| INVOKING Heroism.
 10915 | Lair:1   | 10915 ||| INVOKING Heroism.
 11080 | Lair:1   | 11080 ||| DRINKING 2 orange potions.
 11081 | Lair:1   | 11081 ||| READING 10 scrolls of identify.
 11081 | Lair:1   | 11081 ||| IDENTIFYING murky coppery potion
 11082 | Lair:1   | 11082 ||| DROPPING potion of ambrosia.
 11102 | Lair:2   | 11102 ||| INVOKING Heroism.
 11106 | Lair:2   | Reached skill level 6 in Invocations
 11135 | Lair:2   | 11135 ||| INVOKING Heroism.
 11379 | Lair:2   | 11379 ||| Stepping ~*~*~tactically~*~*~ (stealth).
 11383 | Lair:2   | 11383 ||| INVOKING Heroism.
 11389 | Lair:2   | Received a gift from Okawaru
 11405 | Lair:2   | 11405 ||| Stepping ~*~*~tactically~*~*~ (stealth).
 11407 | Lair:2   | 11407 ||| Stepping ~*~*~tactically~*~*~ (stealth).
 11408 | Lair:2   | 11408 ||| Stepping ~*~*~tactically~*~*~ (stealth).
 11446 | Lair:2   | You fall into a shaft and drop 1 floor!
 11452 | Lair:3   | 11452 ||| INVOKING Heroism.
 11456 | Lair:3   | HP: 17/72 [elephant (2)]
 11457 | Lair:3   | 11457 ||| READING 3 scrolls of teleportation.
 11457 | Lair:3   | HP: 7/72 [elephant (8)]
 11457 | Lair:3   | Slain by an elephant

Levels and vault maps discovered:
D:1:      ncdulo_watergridlock, layout_loops_ring, serial_glass,
          glass_columns_a, glass_columns_b
D:2:      layout_loops_corners, amcnicky_mini_pool_small
D:3:      layout_loops_ring, nicolae_overflow_hidden_temple,
          nicolae_concentric_dashed_squares_mild, minmay_rat_hole
D:4:      layout_rooms, serial_shops, shop, kennysheep_windowed_goal
D:5:      layout_loops_corners, overflow_temple_1_default, lemuel_doored_altar
D:6:      layout_loops_ring, overflow_temple_1_default, grunt_dithmenos_shadows,
          minmay_temple_entry_overgrown, uniq_eustachio, uniq_menkaure
D:7:      layout_loops_cross, minivault_19, nicolae_shop_gadgets
D:8:      lemuel_insect_pit, layout_loops_ring, mainiacjoe_overflow_24_doors,
          mainiacjoe_overflow_six_doors_small, serial_shops,
          nicolae_inconvenience_store, nicolae_shop_back_alley_shop,
          nicolae_shop_tiny_glass, shop, chequers_decorated_corner,
          minmay_fire_ice_demons, uniq_erica
D:9:      layout_basic, nemelex_xobeh_ov_fountains_minmay, kennysheep_mini,
          minmay_lair_entry_grove
Temple:   jpeg_temple_alley_garden
Lair:1:   layout_chaotic_city, basic_altar
Lair:2:   layout_misc_corridors, skrybe_swamp_entry_bodies
Lair:3:   cheibrodos_magma_flow, layout_cave_pods, dummy_spider_entry

Skill      XL: |  1  2  3  4  5  6  7  8  9 10 11 |
---------------+----------------------------------+-----
Axes           | 2 3 10 11 12 | 12.5
Fighting       | 4 6 7 8 9 10 | 10.0
Dodging        | 1 2 |  2.2
Shields        | 4 5 6 |  6.0
Armour         | 4 5 6 7 |  7.0
Throwing       | 1 3 |  3.5
Invocations    | 3 4 6 |  6.7

Action                     |  1- 3 |  4- 6 |  7- 9 | 10-12 || total
---------------------------+-------+-------+-------+-------++-------
  Melee: War axe           |   128 |   164 |   312 |   350 ||   954
  Throw: Boomerang         |       |       |    14 |    28 ||    42
         Javelin           |       |       |    23 |    48 ||    71
 Invoke: Heroism           |       |       |     5 |    19 ||    24
    Use: Scroll            |     5 |     8 |     8 |     9 ||    30
         Potion            |     1 |       |     1 |     3 ||     5
 Armour: Scale mail        |    78 |    49 |    23 |       ||   150
         Chain mail        |       |       |   183 |   222 ||   405
  Dodge: Dodged            |    77 |    54 |   116 |   185 ||   432
  Block: Buckler           |    31 |    19 |    58 |   111 ||   219

Table legend:
 A = Non-vault XP
 B = Vault XP
 C = Vault XP percentage of total XP
 D = Non-vault monster count
 E = Vault monster count
 F = Vault count percentage of total count
                 A         B        C        D         E       F
            +---------+---------+-------+---------+---------+-------
      Total |   14325 |    3345 |  18.9 |     238 |      38 |  13.8
            +---------+---------+-------+---------+---------+-------
        D:1 |      16 |       0 |   0.0 |      10 |       0 |   0.0
        D:2 |      62 |       0 |   0.0 |      20 |       0 |   0.0
        D:3 |     338 |      20 |   5.6 |      30 |      19 |  38.8
        D:4 |     370 |       2 |   0.5 |      29 |       1 |   3.3
        D:5 |     367 |       0 |   0.0 |      14 |       0 |   0.0
        D:6 |     935 |     387 |  29.3 |      20 |       3 |  13.0
        D:7 |     730 |       0 |   0.0 |      12 |       0 |   0.0
        D:8 |    1688 |     883 |  34.3 |      34 |       3 |   8.1
        D:9 |    2950 |    2053 |  41.0 |      32 |      12 |  27.3
     Lair:1 |    4426 |       0 |   0.0 |      27 |       0 |   0.0
     Lair:2 |    1976 |       0 |   0.0 |       9 |       0 |   0.0
     Lair:3 |     467 |       0 |   0.0 |       1 |       0 |   0.0
            +---------+---------+-------+---------+---------+-------
